 Dungeon Crawl Stone Soup version 0.28-a0-1213-g0243856f03 (webtiles) character file.

Game seed: 17898576625634013075

5003 r3xj the Basher (level 10, -1/91 HPs)
             Began as a Minotaur Berserker on Dec 22, 2021.
             Was a High Priest of Trog.
             Slain by an orc warrior (14 damage)
             ... on level 8 of the Dungeon.
             The game lasted 00:14:07 (7772 turns).

r3xj the Basher (Minotaur Berserker)                Turns: 7772, Time: 00:14:08

Health: -1/91      AC: 14    Str: 26    XL:     10   Next: 29%
Magic:  9/9        EV: 12    Int:  4    God:    Trog [*****.]
Gold:   282        SH:  0    Dex: 16    Spells: 9/9 levels left

rFire   . . .      SeeInvis .   v - +0 flail (vorpal)
rCold   . . .      Faith    .   (no shield)
rNeg    . . .      Spirit   .   m - +0 chain mail
rPois   +          Reflect  .   (helmet restricted)
rElec   .          Harm     .   (no cloak)
rCorr   .          Rampage  .   t - +0 pair of gloves
Will    .....                   d - +1 pair of boots {Stlth+}
Stlth   ..........              (no amulet)
HPRegen 0.25/turn               f - +6 ring of dexterity
MPRegen 0.11/turn               C - ring of poison resistance

@: no status effects
A: horns 2, retaliatory headbutt
a: Renounce Religion, Berserk, Trog's Hand, Brothers in Arms


You were on level 8 of the Dungeon.
You worshipped Trog.
Trog was extremely pleased with you.
You visited 2 branches of the dungeon, and saw 9 of its levels.

You collected 282 gold pieces.

Inventory:

Hand Weapons
 a - a +0 mace
 v - a +0 vorpal flail (weapon)
 w - the +3 flail of the Fifty Hells {venom, rPois rF- rCorr Int-2}
   (You found it on level 4 of the Dungeon)

   It poisons the flesh of those it strikes.
   Int:       It affects your intelligence (-2).
   rF:        It makes you vulnerable to fire.
   rPois:     It protects you from poison.
   rCorr:     It protects you from acid and corrosion.
 A - the +7 dagger "Ecaamu" {vorpal, *Rage Int+4}
   (You found it on level 5 of the Dungeon)

   It inflicts extra damage upon your enemies.
   Int:       It affects your intelligence (+4).
   *Rage:     It berserks you when you make melee attacks (+20% chance).
Missiles
 j - 34 poisoned darts (quivered)
Armour
 d - a +1 pair of boots of stealth (worn)
 i - a +0 plate armour
 m - a +0 chain mail (worn)
 t - a +0 pair of gloves (worn)
Jewellery
 b - a +6 ring of dexterity
 f - a +6 ring of dexterity (left hand)
 k - a ring of resist corrosion
 C - a ring of poison resistance (right hand)
 H - an amulet of magic regeneration
Wands
 s - a wand of flame (39)
 y - a wand of polymorph (7)
 I - a wand of charming (3)
Scrolls
 g - 2 scrolls of acquirement {unknown}
 l - 3 scrolls of teleportation {unknown}
 n - 2 scrolls of vulnerability {unknown}
 p - 3 scrolls of fog {unknown}
 q - a scroll of immolation {unknown}
 B - a scroll of enchant weapon {unknown}
 E - a scroll of blinking {unknown}
 F - a scroll of enchant armour {unknown}
 G - a scroll of fear {unknown}
 L - a scroll of magic mapping {unknown}
Potions
 c - 3 potions of mutation {unknown}
 e - 4 potions of attraction {unknown}
 h - 3 potions of heal wounds {unknown}
 o - a potion of flight
 r - a potion of lignification
 u - a potion of curing
 x - a potion of brilliance
 z - a potion of haste {unknown}
 D - a potion of berserk rage {unknown}
 J - a potion of resistance {unknown}
 K - 2 potions of degeneration {unknown}


   Skills:
 + Level 9.0 Fighting
 * Level 12.0 Maces & Flails
 + Level 8.6 Armour
 + Level 7.8 Dodging


You had 9 spell levels left.
You didn't know any spells.
Your spell library was empty.

Dungeon Overview and Level Annotations

Branches:
Dungeon (8/15)             Temple (1/1) D:4            Lair (0/6) D:8

Altars:
Ashenzari
Cheibriados
Elyvilon
Fedhas
Gozag
Kikubaaqudgha
Makhleb
Nemelex Xobeh
Okawaru
Qazlal
Ru
Sif Muna
Trog
Uskayaw
Vehumet
Wu Jian
Xom
Yredelemnul
Zin
The Shining One

Shops:
D:7 :


Innate Abilities, Weirdness & Mutations

You have a pair of horns on your head.
You reflexively headbutt those who attack you in melee.


Message History

Things that are here:
a +0 hand axe; a +0 short sword; an orc corpse You hit the orc warrior but do no damage.
The orc warrior is lightly wounded.
The orc warrior hits you but does no damage.
The bullfrog hits something.
You hit the orc warrior.
The orc warrior is moderately wounded.
A nearby plant withers and dies.
The orc warrior hits you with a +0 halberd!
* * * LOW HITPOINT WARNING * * *
The bullfrog hits something.
You thump the orc warrior!
You headbutt the orc warrior, but do no damage.
The orc warrior is severely wounded.
The bullfrog hits something.
The orc warrior barely misses you. You furiously retaliate!
You headbutt the orc warrior, but do no damage.
You sock the orc warrior!
The orc warrior is almost dead.
The bullfrog hits something.
The orc warrior hits you with a +0 halberd.
* * * LOW HITPOINT WARNING * * *
You closely miss the orc warrior.
You headbutt the orc warrior, but do no damage.
The orc warrior is almost dead.
You sock the orc warrior!
You kill the orc warrior!
Trog accepts your kill.
Your Fighting skill increases to level 9!
Your Maces & Flails skill increases to level 12!
You sock the bullfrog!
The bullfrog is heavily wounded.
The bullfrog barely misses you.
You sock the bullfrog!
You kill the bullfrog!
Trog accepts your kill.
You closely miss the orc warrior.
The orc warrior hits you with a +0 battleaxe!
You die...

#....# #...#..##.#.#.#
###### ##.###.##.#.#.# #.#
#..#.#.#.# #.# #..#.#.#.#
###.# #........#
#...####.#.#.###
#..............#
#############...####...#.#.#
###P......#.o@....#
##.......
#.P..P.....S###...# #....#.#
..(.P.).†PP....#####
#....#.. P..P.P....PP....P..
....#.##.
..P.PP.....P......?
..........
.P.PP.PP.....P.P...
#......##.
P.PP..PP.P....P.P.# .. ##
..P.PP.>PPP.PPP...#


PPP.P..PFPP.PPP.P.# You could see an orc warrior and a water moccasin.

Vanquished Creatures
  A komodo dragon (D:8)
  Sigmund (D:4)
  2 steam dragons
  Edmund (D:4)
  4 water moccasins
  An orc warrior (D:8)
  2 black bears
  2 necrophages
  2 ogres
  3 sky beasts
  4 centaurs
  A kobold brigand (D:8)
  4 bullfrogs
  A wyvern zombie (D:6)
  9 scorpions
  A water moccasin zombie (D:6)
  A wyvern skeleton (D:5)
  16 killer bees
  A wight (D:6)
  4 howler monkeys
  A bullfrog zombie (D:5)
  A centaur zombie (D:8)
  4 orc priests
  3 hounds
  A jelly (D:6)
  2 centaur skeletons
  An iguana (D:6)
  4 orc wizards
  2 howler monkey zombies
  5 gnolls
  A howler monkey skeleton (D:5)
  9 adders
  A shadow imp (D:6)
  A white imp (D:6)
  An adder skeleton (D:4)
  3 worms
  A dart slug (D:1)
  11 orcs
  4 bats
  4 endoplasms
  A giant cockroach (D:1)
  7 goblins
  5 hobgoblins
  8 jackals
  9 kobolds
  4 quokkas
  8 ball pythons
  3 frilled lizards
  4 rats
170 creatures vanquished.

Vanquished Creatures (others)
  An adder (D:6)
  18 fungi (D:8)
  17 plants
36 creatures vanquished.

Grand Total: 206 creatures vanquished

Notes
Turn   | Place    | Note
-------+----------+-------------------------------------------
     0 | D:1      | r3xj the Minotaur Berserker began the quest for the Orb.
     0 | D:1      | Reached XP level 1. HP: 19/19 MP: 0/0
   158 | D:1      | Reached XP level 2. HP: 25/27 MP: 1/1
   198 | D:1      | Reached skill level 4 in Maces & Flails
   798 | D:2      | Reached ** piety under Trog
   892 | D:2      | Reached XP level 3. HP: 33/33 MP: 2/2
  1062 | D:2      | Found a faded altar of an unknown god.
  1461 | D:3      | Noticed a bullfrog
  1466 | D:3      | Killed a bullfrog
  1467 | D:3      | Reached skill level 5 in Maces & Flails
  1467 | D:3      | Reached XP level 4. HP: 41/41 MP: 3/3
  1600 | D:3      | Reached XP level 5. HP: 47/47 MP: 4/4
  1851 | D:3      | Noticed a +0 hand axe
  1851 | D:3      | Noticed a +0 hand axe
  1852 | D:3      | Found a hide-covered altar of Uskayaw.
  2458 | D:4      | Noticed a black bear
  2465 | D:4      | Killed a black bear
  2466 | D:4      | Reached skill level 6 in Maces & Flails
  2466 | D:4      | Reached XP level 6. HP: 53/55 MP: 5/5
  3064 | D:4      | Reached *** piety under Trog
  3065 | D:4      | Reached skill level 5 in Fighting
  3461 | D:4      | Noticed Sigmund
  3476 | D:4      | Killed Sigmund
  3477 | D:4      | Reached skill level 7 in Maces & Flails
  3477 | D:4      | Reached XP level 7. HP: 61/61 MP: 6/6
  3498 | D:4      | Noticed Edmund
  3507 | D:4      | Killed Edmund
  3508 | D:4      | Reached skill level 5 in Armour
  3590 | D:4      | Found a staircase to the Ecumenical Temple.
  4005 | D:4      | Identified the +3 flail of the Fifty Hells {venom, rPois
                  | rF- rCorr Int-2}
  4038 | Temple   | Entered the Ecumenical Temple
  4224 | D:5      | Entered Level 5 of the Dungeon
  4353 | D:5      | Reached skill level 5 in Dodging
  4353 | D:5      | Reached XP level 8. HP: 70/70 MP: 7/7
  4365 | D:5      | Reached skill level 8 in Maces & Flails
  5030 | D:5      | Identified the +7 dagger "Ecaamu" {vorpal, *Rage Int+4}
  5239 | D:6      | Reached skill level 9 in Maces & Flails
  5244 | D:6      | Found a stormy altar of Qazlal.
  5361 | D:5      | Reached XP level 9. HP: 43/79 MP: 8/8
  5711 | D:6      | Reached skill level 10 in Maces & Flails
  5910 | D:6      | Found a bloodstained altar of Trog.
  5911 | D:6      | Found a snail-covered altar of Cheibriados.
  5941 | D:6      | Reached **** piety under Trog
  6645 | D:7      | Reached skill level 11 in Maces & Flails
  7080 | D:7      | Found Ufaliblo's Self-Improvement Boutique.
  7409 | D:8      | Reached XP level 10. HP: 76/90 MP: 9/9
  7725 | D:8      | Found a staircase to the Lair.
  7762 | D:8      | Reached ***** piety under Trog
  7770 | D:8      | Reached skill level 12 in Maces & Flails
  7772 | D:8      | Slain by an orc warrior

Illustrated notes

Levels and vault maps discovered:
D:1:      shiori_shiawase, layout_basic
D:2:      minmay_spotlight, layout_basic, ebering_ecumenical_altar_hall
D:3:      layout_loops_ring, dancing_weapons_uskayaw, minmay_close_crescents
D:4:      layout_basic, minmay_temple_entry_enclosed_plants,
          sigmund_edmund_badplayer
D:5:      minmay_octagon_keep, layout_rooms, minmay_misc_feat_encased
D:6:      minmay_clustersquares, layout_basic, nicolae_overflow_hidden_temple,
          general_overflow_altar, chequers_serial_rivers_room_a
D:7:      layout_basic, nicolae_shop_self_help
D:8:      layout_basic, due_lair_maze_entry_diamond
Temple:   regret_index_temple_sphere_string

Skill      XL: |  1  2  3  4  5  6  7  8  9 10 |
---------------+-------------------------------+-----
Maces & Flails | 4 5 6 7 9 11 12 | 12.0
Fighting       | 4 5 6 7 8 9 |  9.0
Armour         | 3 4 5 6 8 |  8.6
Dodging        | 3 4 5 6 7 |  7.8

Action                   |  1- 3 |  4- 6 |  7- 9 | 10-12 || total
-------------------------+-------+-------+-------+-------++-------
Melee: Mace              |    62 |    96 |     8 |       ||   166
       Headbutt          |    13 |    25 |    51 |    14 ||   103
       Flail             |       |       |   203 |    61 ||   264
Throw: Dart              |       |       |     1 |       ||     1
Invok: Berserk           |     1 |     1 |       |       ||     2
  Use: Scroll            |       |       |     4 |       ||     4
 Stab: Sleeping          |    10 |       |       |       ||    10
       Distracted        |     1 |       |       |       ||     1
Armor: Animal skin       |    16 |       |       |       ||    16
       Chain mail        |     1 |    49 |   160 |    31 ||   241
Dodge: Dodged            |    41 |    41 |   137 |    57 ||   276

Table legend: (Time is in decaauts)
 A = Elapsed time spent in this place.
 B = Non-inter-level travel time spent in this place.
 C = Inter-level travel time spent in this place.
 D = Time resting spent in this place.
 E = Time spent auto-exploring this place.
 F = Levels seen in this place.
 G = Mean time per level.
                   A        B        C        D        E       F      G
               +--------+--------+--------+--------+--------+-----+--------+
         Total |   7783 |   7258 |    525 |    467 |   5795 |   9 |  864.8 |
       Dungeon |   7612 |   7105 |    507 |    467 |   5658 |   8 |  951.5 |
        Temple |    170 |    152 |     18 |      0 |    137 |   1 |  170.0 |
               +--------+--------+--------+--------+--------+-----+--------+

Top non-repeatable levels by time:
     D:4: 1681 daAuts
     D:5: 1213 daAuts
     D:6: 1185 daAuts
     D:3: 962 daAuts
     D:1: 801 daAuts
     D:7: 718 daAuts
     D:2: 647 daAuts
     D:8: 402 daAuts
  Temple: 170 daAuts
